Map: Dusk Towers

Players

MorN - Winner!

  • Race: Terran Terran
  • League: Master

sYphon

  • Race: Zerg Zerg
  • League: Diamond

VOD

Have the link to the VOD?

Description

Time

  • Played on: Nov. 18, 2015, 5:53 p.m.
  • Length: 11:56
Show
View Real Time Build Order
Export as new Build Order

MorN Terran - Winner!

Build Orders: Command Center First (CC), Bio Tank, MMM Bio 

Get SALT Encoding   

  12  0:00  SCV  
  13  0:13  SCV  
  14  0:17  Supply Depot  
  14  0:25  SCV  
  15  0:38  SCV  
  16  0:57  Command Center  
  16  1:02  SCV  
  17  1:07  Refinery  
  17  1:14  SCV  
  18  1:21  Barracks  
  18  1:26  SCV  
  19  1:39  SCV  
  20  1:51  SCV  
  21  2:03  SCV  
  22  2:10  Factory, Orbital Command  
  22  2:14  Marine  
  23  2:15  Orbital Command  
  23  2:37  SCV, Barracks Reactor  
  24  2:42  SCV  
  25  2:49  SCV  
  26  2:56  Supply Depot  
  26  2:58  Refinery  
  26  3:02  SCV  
  26  3:03  SCV  
  28  3:11  Starport  
  32  3:20  Hellion x2  
  32  3:25  SCV, Barracks Reactor  
  33  3:29  SCV  
  34  3:37  SCV  
  35  3:41  SCV  
  35  3:44  Hellion x2  
  35  3:47  Supply Depot  
  35  3:48  Command Center  
  40  3:49  SCV  
  40  3:54  SCV  
  42  4:01  SCV  
  42  4:02  Engineering Bay  
  43  4:03  Engineering Bay  
  43  4:04  Refinery x2, Liberator x2  
  43  4:22  SCV  
  50  4:25  Hellion x2  
  54  4:41  Supply Depot  
  54  4:46  Barracks Tech Lab  
  54  4:54  Terran Infantry Weapons Level 1, Terran Infantry Armor Level 1, Factory Reactor, Barracks  
  54  4:57  Barracks  
  54  4:59  SCV x2  
  56  5:00  Supply Depot  
  56  5:04  Supply Depot, Orbital Command  
  56  5:24  Stimpack  
  56  5:30  SCV x2, Barracks  
  56  5:33  Barracks  
  56  5:35  SCV, Starport Reactor  
  59  5:36  Supply Depot  
  59  5:39  Marauder  
  60  5:50  SCV x2  
  60  5:55  SCV  
  62  6:01  Factory Tech Lab  
  62  6:02  SCV  
  63  6:04  Supply Depot  
  63  6:06  Armory, Marine  
  63  6:07  Marine x2  
  63  6:10  Marine  
  67  6:12  Marine  
  67  6:17  SCV  
  66  6:24  Marine x2  
  66  6:25  Marine  
  69  6:27  Marine, Orbital Command  
  69  6:28  Siege Tank, Marine  
  69  6:32  SCV  
  75  6:34  Starport Reactor  
  75  6:38  SCV  
  76  6:40  Marine  
  76  6:41  Marine x3  
  76  6:42  Marine  
  76  6:43  Marauder  
  83  6:48  SCV  
  83  6:53  SCV x2  
  86  6:56  Marine x2  
  86  6:57  Terran Infantry Weapons Level 2, Terran Infantry Armor Level 2  
  86  7:00  SCV  
  89  7:03  Siege Tank, Bunker  
  89  7:04  Marine x2  
  89  7:05  SCV x2, Marauder, Marine x2  
  100  7:12  SCV  
  100  7:13  Marine x2  
  100  7:16  Terran Vehicle Weapons Level 1  
  100  7:17  SCV, Medivac  
  100  7:18  Medivac  
  106  7:24  SCV  
  106  7:25  Marine x2  
  106  7:26  Combat Shields, Supply Depot  
  106  7:29  Marine  
  108  7:32  Supply Depot x2  
  109  7:43  Refinery x2  
  109  7:47  Supply Depot  
  109  7:48  SCV x3, Marauder, Supply Depot, Marine x3  
  117  7:52  Medivac  
  117  7:53  Medivac, Marine  
  117  7:56  Supply Depot  
  118  8:00  SCV  
  115  8:09  Marauder  
  117  8:15  Marine x6  
  123  8:20  Siege Tank, Marine x2  
  123  8:22  Barracks  
  123  8:23  Barracks x2  
  123  8:24  Supply Depot  
  123  8:25  SCV  
  129  8:31  SCV x2, Marauder  
  129  8:33  Supply Depot, Marine x2  
  135  8:37  SCV  
  129  8:43  SCV x2  
  124  8:52  Marauder  
  124  8:58  Marine x5  
  124  9:00  Marine  
  129  9:14  Marauder  
  129  9:25  Marine x2  
  129  9:26  Barracks Tech Lab x2, Marine  
  129  9:27  Barracks Reactor, Medivac, Marine x2  
  129  9:28  Siege Tank, Medivac  
  141  9:33  Factory  
  141  9:35  Marauder  
  141  9:36  Marine x2  
  145  9:42  Command Center, SCV x2  
  147  9:47  Supply Depot  
  145  9:56  Marauder  
  145  9:59  Marine x4  
  143  10:00  Marauder x2, Siege Tank, Marine  
  151  10:10  Marine x2  
  151  10:12  Medivac, Marine x2  
  151  10:13  SCV  
  156  10:14  Supply Depot  
  156  10:18  Marauder  
  156  10:20  Marine x3  
  161  10:21  Factory Tech Lab, Marauder  
  161  10:22  Marauder  
  165  10:28  SCV x2  
  165  10:33  Supply Depot  
  165  10:46  Marine x2  
  165  10:47  Marauder  
  165  10:48  Medivac x2  
  173  10:52  Siege Tank  
  173  10:53  Siege Tank  
  173  10:56  Planetary Fortress, Starport  
  179  11:07  Concussive Shells  
  178  11:20  Marine x4  
  178  11:21  Marauder x3  
  178  11:22  Supply Depot  
  191  11:28  Marine  
  191  11:29  Marine  
  191  11:32  Marine  
  197  11:42  Starport Reactor  
  200  11:55  Refinery, Missile Turret  
Show
View Real Time Build Order
Export as new Build Order

sYphon Zerg 

Build Orders: 3 Hatch before Pool 

Get SALT Encoding   

  12  0:01  Drone  
  13  0:08  Drone  
  14  0:18  Extractor  
  14  0:19  Drone, Extractor  
  13  0:21  Drone  
  16  0:36  Overlord  
  16  1:00  Hatchery  
  16  1:04  Drone x2  
  16  1:11  Extractor  
  16  1:13  Drone  
  17  1:33  Hatchery  
  17  1:36  Drone  
  17  1:49  Spawning Pool  
  17  1:51  Drone  
  17  1:55  Drone  
  17  1:58  Drone  
  19  2:03  Drone  
  20  2:13  Drone x2  
  22  2:27  Drone x2  
  24  2:33  Overlord  
  24  2:35  Drone  
  24  2:36  Queen  
  27  2:44  Drone, Queen  
  27  2:48  Queen  
  32  2:53  Drone x2  
  32  2:55  Drone  
  32  2:57  Drone  
  36  3:03  Drone  
  37  3:05  Overlord  
  37  3:10  Drone  
  37  3:11  Drone  
  39  3:18  Extractor  
  39  3:19  Extractor  
  37  3:25  Drone  
  37  3:26  Drone x2  
  37  3:27  Extractor  
  39  3:28  Drone x3  
  42  3:50  Evolution Chamber, Roach Warren  
  40  3:58  Drone  
  40  3:59  Drone x4  
  40  4:02  Drone x5  
  50  4:05  Overlord x3  
  47  4:30  Roach  
  47  4:31  Roach x6  
  59  4:32  Roach x3  
  59  4:35  Extractor  
  63  4:42  Roach x3  
  69  4:51  Spine Crawler  
  69  4:54  Roach x2  
  73  5:03  Overlord x2  
  73  5:04  Zerg Missile Weapons Level 1  
  73  5:08  Lair  
  73  5:26  Drone x7  
  73  5:27  Drone  
  81  5:40  Spore Crawler  
  80  5:46  Ravager x4  
  80  5:47  Ravager  
  85  5:50  Spore Crawler  
  84  6:02  Drone x2  
  84  6:05  Ravager  
  83  6:22  Drone  
  83  6:23  Drone x6  
  90  6:51  Overseer  
  90  6:54  Overlord x4  
  90  6:56  Glial Reconstitution  
  90  7:17  Evolution Chamber  
  90  7:19  Hydralisk Den  
  90  7:21  Drone x5  
  90  7:22  Roach x4  
  103  7:23  Roach x2  
  103  7:25  Ravager x2  
  107  7:41  Overlord  
  107  7:42  Drone x2, Extractor  
  108  7:54  Hatchery  
  107  8:00  Roach x8  
  107  8:01  Roach x2  
  127  8:24  Spore Crawler  
  127  8:25  Drone x2  
  127  8:26  Drone x3, Spine Crawler x2  
  129  8:30  Hatchery  
  61  9:26  Drone x5  
  66  9:40  Roach x4, Zergling x4  
  66  9:42  Ravager x5  
  66  9:43  Zergling x6  
  66  9:44  Zergling x4  
  83  9:55  Roach x4  
  82  10:12  Zergling x6  
  82  10:13  Zergling x4  
  85  10:20  Infestation Pit  
  84  10:25  Spore Crawler  
  84  10:26  Spore Crawler x2  
  84  10:27  Spine Crawler  
  80  10:32  Drone x8  
  88  10:48  Queen  
  88  10:49  Drone x4  
  94  10:50  Drone x3  
  90  11:18  Ravager x3  
  90  11:19  Ravager x4  
  90  11:20  Zergling x2  
  90  11:21  Zergling x26  
  90  11:22  Zergling x2  
  111  11:47  Extractor  
  111  11:48  Extractor  
Tags
 
Add a new tag
Caveats
  • Supply blocks, unpowered buildings, or Contaminate may cause inaccurate times.
  • Supply counts are checked every 10 seconds.